 Dungeon Crawl Stone Soup version 0.18.1-8-gdd0e5ea (webtiles) character file.

252 Hipnos the Geomancer (level 6, -1/32 HPs)
             Began as a Gargoyle Earth Elementalist on May 24, 2016.
             Slain by a crocodile (6 damage)
             ... in a sewer.
             The game lasted 00:10:30 (2808 turns).

Hipnos the Geomancer (Gargoyle Earth Elementalist)  Turns: 2808, Time: 00:10:31

Health: -1/32      AC:  7    Str: 17    XL:     6   Next: 14%
Magic:  1/9        EV: 12    Int: 17    God:
Gold:   116        SH:  0    Dex: 10    Spells: 3 memorised, 3 levels left

rFire  . . .     SeeInvis .     (no weapon)
rCold  . . .     Gourm    .     a - +0 robe
rNeg   + . .     Faith    .     (no shield)
rPois  ∞         Spirit   .     (no helmet)
rElec  +         Dismiss  .     (no cloak)
rCorr  .         Reflect  .     (no gloves)
SustAt .         Harm     .     h - +0 pair of boots
MR     .....                    (no amulet)
Stlth  ++........               (no ring)
                                (no ring)

@: mighty, not resistant to hostile enchantments, unstealthy
A: negative energy resistance 1, electricity resistance, unbreathing,
petrification resistance, rot immunity, AC +4
a: no special abilities


You were in a sewer.
You were not hungry.

You visited 1 branch of the dungeon, and saw 4 of its levels.
You also visited: Sewer.

You collected 116 gold pieces.

Inventory:

Armour
 a - a +0 robe (worn)
 h - a +0 pair of boots (worn)
 s - a +0 buckler
Jewellery
 n - an uncursed ring of sustain attributes {unknown}
Scrolls
 b - a scroll of blinking {unknown}
 g - 2 scrolls of fear {unknown}
 l - a scroll of fog {unknown}
 m - a scroll of noise {unknown}
 o - 2 scrolls of identify
 w - a scroll of recharging {unknown}
 y - a scroll of random uselessness {unknown}
Potions
 k - a potion of cancellation {unknown}
 q - a potion of brilliance {unknown}
 r - 3 potions of resistance {unknown}
 z - a potion of curing {unknown}
 B - a potion of berserk rage {unknown}
 C - a potion of agility {unknown}
Books
 c - a book of Geomancy

   Spells                             Type                      Level
   a - Sandblast                      Earth                        1
   b - Passwall                       Transmutation/Earth          2
   c - Stone Arrow                    Conjuration/Earth            3
   d - Petrify                        Transmutation/Earth          4
   e - Lee's Rapid Deconstruction     Earth                        5
 t - a book of Unlife

   Spells                             Type                      Level
   a - Recall                         Summoning/Translocation      3
   b - Animate Dead                   Necromancy                   4
   c - Control Undead                 Necromancy                   4
   d - Cigotuvi's Embrace             Necromancy                   5
   e - Death Channel                  Necromancy                   6
   f - Simulacrum                     Ice/Necromancy               6
 v - a book of the Warp

   Spells                             Type                      Level
   a - Recall                         Summoning/Translocation      3
   b - Gell's Gravitas                Hexes/Translocation          3
   c - Force Lance                    Conjuration/Translocation    4
   d - Warp Weapon                    Charms/Translocation         5
   e - Summon Forest                  Summoning/Translocation      5
Comestibles
 d - 4 bread rations
 f - 3 beef jerkies
 i - 2 fruits
 p - a slice of pizza
 u - 2 meat rations
 x - a royal jelly
 A - 2 chunks of flesh


   Skills:
 - Level 1.5 Dodging
 - Level 2.1 Stealth
 - Level 2.0 Spellcasting
 + Level 0.7 Transmutations
 + Level 8.0 Earth Magic


You had 3 spell levels left.
You knew the following spells:

 Your Spells              Type           Power        Failure   Level  Hunger
a - Sandblast             Erth           ####..       1%          1    #......
b - Passwall              Trmt/Erth      ###.......   6%          2    ###....
c - Stone Arrow           Conj/Erth      ###...       12%         3    ###....


Dungeon Overview and Level Annotations

Branches:
Dungeon (4/15)
 Temple: D:4-7

Altars:
Zin

Annotations:
D:3 Jessica; ThereIsNoGod's ghost, amateur GrFi


Innate Abilities, Weirdness & Mutations

You are resistant to torment.
Your stone body is resilient (AC +4).
You are immune to poison.
You resist negative energy.
You are resistant to electric shocks.
You can survive without breathing.
You are immune to petrification.
You are immune to rotting.


Message History

The crocodile barely misses you.
Casting: Sandblast
Confirm with . or Enter, or press ? or * to list all spells.
Aiming: Sandblast
Press: ? - help, Shift-Dir - straight line, f/p - crocodile
Aim: a crocodile (moderately wounded)
The blast of sand hits the crocodile.
The crocodile is moderately wounded.
The crocodile bites you.
Casting: Sandblast
Confirm with . or Enter, or press ? or * to list all spells.
Aiming: Sandblast
Press: ? - help, Shift-Dir - straight line, f/p - crocodile
Aim: a crocodile (moderately wounded)
The blast of sand hits the crocodile.
The crocodile is moderately wounded.
The crocodile bites you.
* * * LOW HITPOINT WARNING * * *
The crocodile bites you.
You die...

#...# #t..#
#≈.## ##..#
#..# #..#
#..# #≈.#
#..## ##≈≈#
#...# #...#
##.≈###..##
#..t#...#
##..@..##
#.....#
##..≈##
#...# ≈#.#≈
((#.#($
########


You could see a crocodile.

Vanquished Creatures
  A phantom (D:4)
  3 adders
  4 gnolls (D:2)
  A river rat (D:4)
  3 worms
  4 giant geckos
  2 orcs (D:3)
  8 bats
  5 giant cockroaches
  5 goblins
  9 hobgoblins
  4 jackals
  2 quokkas
  3 giant newts
  9 kobolds
  6 rats
69 creatures vanquished.

Notes
Turn   | Place    | Note
--------------------------------------------------------------
     0 | D:1      | Hipnos the Gargoyle Earth Elementalist began the quest for the Orb.
     0 | D:1      | Reached XP level 1. HP: 10/10 MP: 3/3
    72 | D:1      | Reached skill level 4 in Earth Magic
   125 | D:1      | Reached XP level 2. HP: 13/15 MP: 0/5
   553 | D:1      | Reached XP level 3. HP: 19/19 MP: 4/6
   575 | D:1      | Reached skill level 5 in Earth Magic
   874 | D:2      | Found a glowing silver altar of Zin.
  1023 | D:2      | Reached XP level 4. HP: 19/24 MP: 2/7
  1045 | D:2      | Reached skill level 6 in Earth Magic
  1469 | D:3      | Noticed ThereIsNoGod's ghost (amateur GrFi)
  1529 | D:2      | Learned a level 2 spell: Passwall
  1533 | D:2      | Learned a level 3 spell: Stone Arrow
  2045 | D:3      | Reached XP level 5. HP: 28/28 MP: 3/8
  2215 | D:3      | Noticed Jessica
  2315 | D:4      | Noticed a phantom
  2383 | D:4      | Killed a phantom
  2383 | D:4      | Reached skill level 7 in Earth Magic
  2521 | D:4      | Reached XP level 6. HP: 32/32 MP: 6/9
  2550 | D:4      | Found a glowing drain.
  2551 | D:4      | Reached skill level 8 in Earth Magic
  2563 | Sewer    | Entered a sewer
  2808 | Sewer    | Slain by a crocodile

Skill      XL: |  1  2  3  4  5  6 |
---------------+-------------------+-----
Earth Magic    | 4 5 6 7 8 |  8.0
Dodging        | |  1.5
Stealth        | |  2.1
Spellcasting   | |  2.0
Transmutations | |  0.7

Action                   |  1- 3 |  4- 6 || total
-------------------------+-------+-------++-------
 Cast: Sandblast         |    48 |    91 ||   139
       Stone Arrow       |       |     1 ||     1
  Use: Scroll            |     2 |       ||     2
       Potion            |       |     2 ||     2
  Eat: Chunk             |     1 |     7 ||     8
Armor: Robe              |    11 |    33 ||    44
Dodge: Dodged            |    19 |    65 ||    84
